 Dungeon Crawl Stone Soup version 0.30-a0-272-gf98c3da03f (webtiles) character file.

Game seed: 9457707463992744340

15024 koil the Covert (level 11, -8/58 HPs)
             Began as a Spriggan Enchanter on Oct 16, 2022.
             Was a Priest of Dithmenos.
             Mangled by a skeletal warrior
             ... wielding a +0 halberd
              (17 damage)
             ... on level 12 of the Dungeon.
             The game lasted 00:57:16 (13238 turns).

koil the Covert (Spriggan Enchanter)               Turns: 13238, Time: 00:57:17

Health: -8/58      AC:  6    Str:  4    XL:     11   Next: 96%
Magic:  20/26      EV: 29    Int: 18    God:    Dithmenos [***...]
Gold:   734        SH:  0    Dex: 27    Spells: 25/30 levels left

rFire   . . .      SeeInvis +    j - +5 short sword (spect)
rCold   . . .      Faith    .    (no shield)
rNeg    . . .      Spirit   .    I - +2 robe {Will+}
rPois   .          Reflect  .    h - +1 hat
rElec   .          Harm     .    A - +0 cloak
rCorr   .          Rampage  .    (gloves unavailable)
Will    ++...                    (boots unavailable)
Stlth   ++++++++++               (no amulet)
HPRegen 0.29/turn                M - +6 ring of dexterity
MPRegen 0.20/turn                y - +4 ring of slaying

@: confusing by touch, wreathed by umbra, very quick
A: very small, no large weapons, unfitting armour, see invisible, speed 3,
antennae 1, thin skeletal structure 1
a: Renounce Religion, Shadow Step


You were on level 12 of the Dungeon.
You worshipped Dithmenos.
Dithmenos was most pleased with you.
You visited 2 branches of the dungeon, and saw 13 of its levels.

You collected 734 gold pieces.

Inventory:

Hand Weapons
 j - a +5 spectral short sword (weapon)
 G - a +5 dagger of venom
 H - a +0 dagger of flaming
Missiles
 n - 4 atropa-tipped darts
 o - 3 poisoned darts (quivered)
Armour
 a - a +0 troll leather armour
 e - a +0 troll leather armour
 g - a +2 robe of resistance
 h - a +1 hat (worn)
 A - a +0 cloak (worn)
 I - a +2 robe of willpower (worn)
Jewellery
 p - a +4 ring of slaying
 y - a +4 ring of slaying (right hand)
 K - a ring of fire
 M - a +6 ring of dexterity (left hand)
Wands
 b - a wand of iceblast (7)
 l - a wand of digging (6)
 E - a wand of acid (2)
 F - a wand of charming (21)
Scrolls
 m - a scroll of identify
 r - a scroll of teleportation
 u - a scroll of fear
 v - 2 scrolls of magic mapping
 C - 3 scrolls of fog
 J - 2 scrolls of blinking
Potions
 c - 5 potions of invisibility
 d - 3 potions of heal wounds
 f - a potion of flight
 i - a potion of mutation
 k - 5 potions of lignification
 q - 7 potions of curing
 w - 5 potions of haste
 x - a potion of ambrosia
 z - a potion of brilliance
 B - 2 potions of cancellation
 D - a potion of might


   Skills:
 + Level 6.6 Fighting
 + Level 8.8 Short Blades
 + Level 10.7 Dodging
 + Level 13.2 Stealth
 + Level 10.0 Spellcasting
 + Level 10.3 Hexes


You had 25 spell levels left.
You knew the following spells:

 Your Spells              Type           Power      Damage    Failure   Level
a - Ensorcelled Hibernat  Hex/Ice        54%        N/A       1%          2
b - Confusing Touch       Hex            46%        N/A       1%          3

Your spell library contained the following spells:

 Spells                   Type           Power      Damage    Failure   Level
 Tukima's Dance           Hex            46%        N/A       1%          3
 Dazzling Flash           Conj/Hex       54%        N/A       2%          3
 Magic Dart               Conj           36%        1d4       8%          1
 Sting                    Tmut/Pois      36%        1d4       8%          1
 Anguish                  Hex/Necr       13%        N/A       10%         4
 Fulminant Prism          Conj/Hex       13%        3d9       10%         4
 Blink                    Tloc           18%        N/A       12%         2
 Momentum Strike          Conj/Tloc      18%        3d8       12%         2
 Poisonous Vapours        Pois/Air       18%        N/A       12%         2
 Searing Ray              Conj           18%        2d5       12%         2
 Frozen Ramparts          Ice            18%        1d3       24%         3
 Ignite Poison            Fire/Tmut/Pois 9%         N/A       24%         3
 Kindle Blastsparks       Fire/Tloc/Air  18%        2d11      24%         3
 Lesser Beckoning         Tloc           18%        N/A       24%         3
 Spider Form              Tmut/Pois      9%         N/A       24%         3
 Stone Arrow              Conj/Erth      18%        3d8       24%         3
 Metabolic Englaciation   Hex/Ice        13%        N/A       26%         5
 Animate Armour           Summ/Erth      18%        N/A       61%         4
 Ice Form                 Ice/Tmut       9%         N/A       61%         4
 Manifold Assault         Tloc           9%         N/A       61%         4
 Olgreb's Toxic Radiance  Pois           9%         N/A       61%         4
 Petrify                  Tmut/Erth      9%         N/A       61%         4
 Summon Ice Beast         Ice/Summ       9%         N/A       61%         4
 Summon Lightning Spire   Summ/Air       9%         N/A       61%         4
 Freezing Cloud           Conj/Ice/Air   4%         6-21      91%         5
 Statue Form              Tmut/Erth      6%         N/A       100%        6
 Storm Form               Tmut/Air       4%         N/A       100%        7
 Lehudib's Crystal Spear  Conj/Erth      4%         10d3      100%        8
 Maxwell's Capacitive Co  Air            4%         ∞         100%        8


Dungeon Overview and Level Annotations

Branches:
Dungeon (12/15)            Temple (1/1) D:5            Lair (0/5) D:11
    Orc (0/2) D:12

Altars:
Ashenzari
Cheibriados
Dithmenos
Elyvilon
Fedhas
Gozag
Hepliaklqana
Kikubaaqudgha
Makhleb
Nemelex Xobeh
Okawaru
Qazlal
Ru
Sif Muna
Trog
Uskayaw
Vehumet
Wu Jian
Xom
Yredelemnul
Zin
The Shining One

Annotations:
D:9 !ICE STAT, exclusion: ice statue


Innate Abilities, Weirdness & Mutations

You are very small and have problems with some larger weapons.
You are too small for most types of armour.
You have supernaturally acute eyesight. (SInv)
You cover ground extremely quickly. (Speed+++)
You have a pair of small antennae on your head.
You have a somewhat thin skeletal structure. (Dex +2, Stealth+)


Message History

You hit the skeletal warrior but do no damage.
The skeletal warrior barely misses you.
You hit the skeletal warrior but do no damage.
You hit the skeletal warrior but do no damage.
The skeletal warrior hits you with a +0 flail!!
You hit the skeletal warrior but do no damage.
The skeletal warrior appears confused.
You catch the helpless skeletal warrior completely off-guard!
You skewer the skeletal warrior like a kebab!!!
The skeletal warrior is severely damaged.
Your +5 spectral short sword hits the skeletal warrior but does no damage.
You catch the helpless skeletal warrior completely off-guard!
You perforate the skeletal warrior like a sieve!!!
You destroy the skeletal warrior!
Dithmenos accepts your kill.
The skeletal warrior completely misses you.
Your Spellcasting skill increases to level 10!
You see here a +0 flail.
You hit the skeletal warrior but do no damage.
The skeletal warrior hits you with a +0 halberd!
You are too injured to fight recklessly!
You are too injured to fight recklessly!
You are too injured to fight recklessly!
Casting: Confusing Touch (safe; 1% risk of failure)
Confirm with . or Enter, or press ? or * to list all spells.
Your hands begin to glow red.
The skeletal warrior hits you with a +0 halberd!
* * * LOW HITPOINT WARNING * * *
You are too injured to fight recklessly!
You are too injured to fight recklessly!
You are too injured to fight recklessly!
You are too injured to fight recklessly!
You hit the skeletal warrior but do no damage.
The skeletal warrior hits you with a +0 halberd.
* * * LOW HITPOINT WARNING * * *
You hit the skeletal warrior but do no damage.
Your punch misses the skeletal warrior.
You hit the skeletal warrior but do no damage.
The skeletal warrior hits you with a +0 halberd!
You die...

..o.zz'...'.........##.oco..
.o....#####.........+#..oo.._
z.... #..o......##........
..o. #.........##......>o ###
####'############### #..#
#.## #z# ##@# #..#
##'######## #..)......#
#.....<...+ +.........#
#.........# #####+#####


You could see a skeletal warrior.

Vanquished Creatures
  A two-headed ogre (D:11)
  A skeletal warrior (D:12)
  The ghost of greasedhog the Cudgeller, a novice GrCK of Xom (D:7)
  Pikel (D:5)
  2 oklob plants (D:11)
  A cyclops (D:10)
  An ugly thing (D:12)
  A kobold demonologist (D:12)
  Maggie (D:6)
  A komodo dragon (D:11)
  An unseen horror (D:10)
  2 tengu conjurers (D:11)
  3 trolls
  Grinder (D:4)
  Prince Ribbit (D:7)
  Sigmund (D:2)
  The ghost of BigDaddyOpFi the Shield-Bearer, an amateur TrFi (D:6)
  2 vampires
  2 wraiths
  2 wyverns
  2 shadows (D:10)
  12 yaks
  4 steam dragons
  An unseen horror simulacrum (D:6)
  Menkaure (D:5)
  An acid dragon (D:10)
  Duvessa (D:7)
  2 black bears
  Pargi (D:3)
  6 orc warriors
  A hornet zombie (D:6)
  4 ice beasts
  2 sky beasts
  An ogre (D:5)
  A phantom (D:5)
  4 centaurs
  2 lemures (D:5)
  Blork the orc (D:6)
  A bullfrog (D:7)
  2 necrophages
  4 scorpions
  7 wights
  Dowan (D:7)
  11 killer bees
  A spectral centaur (D:6)
  10 howler monkeys
  5 hounds
  4 orc priests
  2 jellies
  Crazy Yiuf (D:6)
  Terence (D:2)
  An iguana (D:4)
  9 orc wizards
  A bullfrog simulacrum (D:7)
  A centaur simulacrum (D:7)
  A spectral howler monkey (D:6)
  Robin (D:3)
  6 gnolls
  7 adders
  2 white imps (D:7)
  A howler monkey simulacrum (D:7)
  A worm (D:2)
  3 dart slugs
  32 orcs
  10 bats
  5 endoplasms
  4 giant cockroaches
  15 goblins
  5 hobgoblins
  2 kobolds (D:3)
  3 quokkas
  5 ball pythons
  5 frilled lizards
  3 rats
247 creatures vanquished.

Vanquished Creatures (others)
  A quokka (D:1)
  3 fungi (D:9)
  4 plants (D:11)
8 creatures vanquished.

Grand Total: 255 creatures vanquished

Notes
Turn   | Place    | Note
-------+----------+-------------------------------------------
     0 | D:1      | koil the Spriggan Enchanter began the quest for the Orb.
     0 | D:1      | Reached XP level 1. HP: 9/9 MP: 5/5
    76 | D:1      | Reached XP level 2. HP: 7/14 MP: 6/6
   292 | D:1      | Learned a level 2 spell: Ensorcelled Hibernation
   571 | D:2      | Reached XP level 3. HP: 17/17 MP: 8/8
   624 | D:2      | Noticed Sigmund
   629 | D:2      | Killed Sigmund
   630 | D:2      | Reached skill level 1 in Fighting
   630 | D:2      | Reached skill level 5 in Stealth
   630 | D:2      | Reached XP level 4. HP: 22/22 MP: 4/10
   630 | D:2      | Reached XP level 5. HP: 25/25 MP: 4/11
   997 | D:2      | Noticed Terence
  1004 | D:2      | Killed Terence
  1283 | D:3      | Noticed Pargi
  1298 | D:3      | Killed Pargi
  1299 | D:3      | Reached skill level 6 in Stealth
  1299 | D:3      | Reached XP level 6. HP: 20/30 MP: 9/13
  1412 | D:3      | Noticed Robin
  1443 | D:3      | Killed Robin
  2363 | D:4      | Reached skill level 5 in Hexes
  2737 | D:4      | Reached XP level 7. HP: 35/35 MP: 14/14
  2751 | D:4      | Found a shimmering blue altar of Sif Muna.
  2755 | D:4      | Found a glowing silver altar of Zin.
  2762 | D:4      | Found a sacrificial altar of Ru.
  2767 | D:4      | Found a broken altar of Ashenzari.
  2778 | D:4      | Found a blossoming altar of Fedhas.
  2786 | D:4      | Found a burning altar of Makhleb.
  2791 | D:4      | Found an opulent altar of Gozag.
  2817 | D:4      | Noticed Grinder
  2854 | D:4      | Learned a level 3 spell: Confusing Touch
  2856 | D:4      | Paralysed by Grinder for 3 turns
  2867 | D:4      | Killed Grinder
  2868 | D:4      | Reached skill level 5 in Dodging
  3010 | D:4      | Reached skill level 7 in Stealth
  3365 | D:5      | Entered Level 5 of the Dungeon
  3459 | D:5      | Noticed Menkaure
  3470 | D:5      | Killed Menkaure
  3471 | D:5      | Reached skill level 5 in Spellcasting
  3524 | D:5      | Noticed Pikel
  3778 | D:5      | Reached XP level 8. HP: 25/39 MP: 13/16
  4004 | D:5      | Killed Pikel
  4005 | D:5      | Reached skill level 8 in Stealth
  4119 | D:5      | Found a staircase to the Ecumenical Temple.
  4246 | D:5      | Reached skill level 5 in Short Blades
  4253 | D:5      | Found a sparkling altar of Nemelex Xobeh.
  4500 | Temple   | Entered the Ecumenical Temple
  4532 | Temple   | Became a worshipper of Dithmenos the Shadowed
  4799 | Temple   | Gained mutation: You are partially covered in iridescent
                  | scales. (AC +2) [potion of mutation]
  4799 | Temple   | Gained mutation: Armour fits poorly on your strangely
                  | shaped body. [potion of mutation]
  4800 | Temple   | Lost mutation: You are partially covered in iridescent
                  | scales. (AC +2) [potion of mutation]
  4800 | Temple   | Lost mutation: Armour fits poorly on your strangely shaped
                  | body. [potion of mutation]
  4800 | Temple   | Gained mutation: You are somewhat resistant to further
                  | mutation. [potion of mutation]
  4800 | Temple   | Gained mutation: You have a pair of small horns on your
                  | head. [potion of mutation]
  4801 | Temple   | Lost mutation: You are somewhat resistant to further
                  | mutation. [potion of mutation]
  4801 | Temple   | Lost mutation: You have a pair of small horns on your head.
                  | [potion of mutation]
  4801 | Temple   | Gained mutation: You have a somewhat thin skeletal
                  | structure. (Dex +2, Stealth+) [potion of mutation]
  4801 | Temple   | Gained mutation: You have a pair of small antennae on your
                  | head. [potion of mutation]
  4879 | D:6      | Noticed Blork the orc
  4893 | D:6      | Killed Blork the orc
  5173 | D:6      | Found a runed translucent gate.
  5173 | D:6      | Found a runed translucent gate.
  5253 | D:6      | Reached skill level 9 in Stealth
  5253 | D:6      | Reached XP level 9. HP: 45/45 MP: 13/19
  5481 | D:6      | Noticed Maggie
  5485 | D:6      | Killed Maggie
  5579 | D:6      | Found a runed translucent door.
  5580 | D:6      | Noticed Crazy Yiuf
  5610 | D:6      | Found a runed translucent gate.
  5612 | D:6      | Noticed BigDaddyOpFi's ghost (amateur TrFi)
  5897 | D:6      | Killed BigDaddyOpFi's ghost
  5897 | D:6      | Reached * piety under Dithmenos
  6072 | D:6      | Killed Crazy Yiuf
  6075 | D:6      | Identified the +1 hammer "Zeidulad" {drain, rC- Str+2
                  | Dex+5}
  6448 | D:7      | Reached skill level 10 in Stealth
  6669 | D:7      | Found a runed translucent gate.
  6669 | D:7      | Found a runed translucent gate.
  6669 | D:7      | Found a runed translucent gate.
  6683 | D:7      | Noticed Prince Ribbit
  6685 | D:7      | Killed Prince Ribbit
  6753 | D:7      | Noticed greasedhog's ghost (novice GrCK)
  6851 | D:7      | Noticed Duvessa
  6853 | D:7      | Noticed Dowan
  6854 | D:7      | Killed Duvessa
  6870 | D:7      | Killed Dowan
  6941 | D:7      | Reached XP level 10. HP: 51/51 MP: 22/22
  7382 | D:7      | Killed greasedhog's ghost
  7383 | D:7      | Reached skill level 5 in Fighting
  7988 | D:8      | Reached ** piety under Dithmenos
  7993 | D:8      | Found a hazy altar of Hepliaklqana.
  8043 | D:8      | Found an ornate altar of the Wu Jian Council.
  8183 | D:8      | Reached skill level 11 in Stealth
  9885 | D:9      | Noticed an ice statue
 10484 | D:10     | Entered Level 10 of the Dungeon
 10494 | D:10     | Reached XP level 11. HP: 41/56 MP: 24/24
 10841 | D:10     | Reached *** piety under Dithmenos
 10842 | D:10     | Reached skill level 12 in Stealth
 11530 | D:10     | Reached skill level 10 in Dodging
 12215 | D:11     | Noticed an oklob plant
 12390 | D:11     | Noticed a two-headed ogre
 12396 | D:11     | Killed a two-headed ogre
 12417 | D:11     | Noticed an oklob plant
 12709 | D:11     | Found a staircase to the Lair.
 12727 | D:11     | Killed an oklob plant
 12728 | D:11     | Reached skill level 10 in Hexes
 12743 | D:11     | Killed an oklob plant
 12855 | D:12     | Noticed a green ugly thing
 12861 | D:12     | Killed a green ugly thing
 12862 | D:12     | Reached skill level 13 in Stealth
 12902 | D:12     | Found a staircase to the Orcish Mines.
 12915 | D:12     | HP: 1/58 [orc priest/divine providence (11)]
 12993 | D:12     | Noticed a skeletal warrior
 12993 | D:12     | Noticed a skeletal warrior
 12993 | D:12     | Noticed a skeletal warrior
 13232 | D:12     | Killed a skeletal warrior
 13233 | D:12     | Reached skill level 10 in Spellcasting
 13238 | D:12     | Mangled by a skeletal warrior

Illustrated notes

Levels and vault maps discovered:
D:1:      minmay_arrival_hallway, layout_rooms
D:2:      layout_basic, grunt_ministairs_14, uniq_terence, uniq_sigmund
D:3:      layout_basic, uniq_robin, uniq_pargi
D:4:      layout_gridville, grunt_temple_overflow_octagram, uniq_grinder
D:5:      layout_loops_ring, old_standard_altar,
          minmay_temple_entry_statues_pillars, uniq_menkaure, uniq_pikel
D:6:      layout_basic, gammafunk_ghost_necromancy,
          chequers_serial_rivers_room_a, amcnicky_mini_corridor_feature,
          nicolae_concentric_dashed_squares_mild, minmay_misc_feat_five,
          uniq_crazy_yiuf_cottage, uniq_maggie, uniq_blork_the_orc
D:7:      layout_basic, gammafunk_ghost_icy, uniq_duvessa, uniq_prince_ribbit1
D:8:      layout_basic, mainiacjoe_overflow_brackets, lemuel_doored_altar
D:9:      kennysheep_steamy, layout_stronghold, minivault_15, chequers_jeans,
          chequers_serial_rivers_micro_b, minmay_curled_crystal
D:10:     minmay_octagon_keep, layout_long_grid
D:11:     layout_loops_ring, dpeg_oklobed_lair
D:12:     layout_roguey, david_orc_5
Temple:   chequers_temple_sunken

Skill      XL: |  1  2  3  4  5  6  7  8  9 10 11 |
---------------+----------------------------------+-----
Spellcasting   | 3 4 5 6 7 8 10 | 10.0
Dodging        | 3 4 5 6 8 9 10 | 10.7
Fighting       | 1 2 3 4 5 6 |  6.6
Short Blades   | 2 3 4 5 6 7 8 |  8.8
Stealth        | 5 6 7 9 10 11 13 | 13.2
Hexes          | 4 5 6 7 9 10 | 10.3

Action                   |  1- 3 |  4- 6 |  7- 9 | 10-12 || total
-------------------------+-------+-------+-------+-------++-------
Melee: Dagger            |    81 |   132 |   216 |   166 ||   595
       Punch             |     1 |       |     4 |     6 ||    11
       Short sword       |       |       |       |   212 ||   212
 Cast: Ensorcelled Hiber |     3 |    26 |    32 |    21 ||    82
       Confusing Touch   |       |       |    18 |    22 ||    40
  Use: Potion            |       |       |     6 |     4 ||    10
       Scroll            |       |       |    16 |    10 ||    26
 Stab: Sleeping          |    13 |    20 |    28 |    41 ||   102
       Confused          |       |       |    10 |    18 ||    28
       Distracted        |       |       |     1 |     2 ||     3
       Invisible         |       |       |       |     3 ||     3
Armor: Robe              |     9 |    11 |     9 |    15 ||    44
Dodge: Dodged            |    87 |   112 |   182 |   252 ||   633

Table legend: (Time is in decaauts)
 A = Elapsed time spent in this place.
 B = Non-inter-level travel time spent in this place.
 C = Inter-level travel time spent in this place.
 D = Time resting spent in this place.
 E = Time spent auto-exploring this place.
 F = Levels seen in this place.
 G = Mean time per level.
                   A        B        C        D        E       F      G
               +--------+--------+--------+--------+--------+-----+--------+
         Total |   9403 |   8366 |   1037 |   1041 |   5390 |  13 |  723.3 |
       Dungeon |   8949 |   7919 |   1030 |    850 |   5296 |  12 |  745.8 |
        Temple |    453 |    446 |      7 |    191 |     94 |   1 |  453.0 |
               +--------+--------+--------+--------+--------+-----+--------+

Top non-repeatable levels by time:
     D:6: 1155 daAuts
     D:7: 1146 daAuts
     D:5: 970 daAuts
    D:10: 875 daAuts
     D:8: 806 daAuts
     D:4: 790 daAuts
     D:3: 774 daAuts
     D:9: 743 daAuts
    D:11: 710 daAuts
     D:2: 486 daAuts
  Temple: 453 daAuts
     D:1: 359 daAuts
    D:12: 130 daAuts
